 Dungeon Crawl Stone Soup version 0.30.0-29-ga12c61a403 (webtiles) character file.

Game seed: 11036589242413055638

149 MacCMillion the Caller (level 5, -2/28 HPs)
             Began as a Tengu Summoner on June 9, 2023.
             Slain by a black bear (4 damage)
             ... on level 4 of the Dungeon.
             The game lasted 00:06:17 (2984 turns).

MacCMillion the Caller (Tengu Summoner)             Turns: 2984, Time: 00:06:18

Health: -2/28      AC:  2    Str:  8    XL:     5   Next: 31%
Magic:  7/19       EV: 15    Int: 18    God:
Gold:   169        SH:  0    Dex: 14    Spells: 4/10 levels left

rFire   . . .        f - +0 spear
rCold   . . .        (no shield)
rNeg    . . .        a - +0 robe
rPois   .            (helmet restricted)
rElec   .            (no cloak)
rCorr   .            (no gloves)
SInv    .            (boots unavailable)
Will    .....        (no amulet)
Stlth   ++           o - ring of magical power
HPRegen 0.24/turn    (no ring)
MPRegen 0.16/turn

%: no passive effects
@: flying quickly and evasively, quick
A: beak, talons 3, nimble flight
a: no special abilities


You were on level 4 of the Dungeon.
You visited 1 branch of the dungeon, and saw 4 of its levels.

You collected 169 gold pieces.

Inventory:

Hand Weapons
 d - a +0 falchion
 f - a +0 spear (weapon)
 s - a +0 dagger of holy wrath
Missiles
 m - 2 throwing nets
Armour
 a - a +0 robe (worn)
 l - the +2 pair of gloves "Mugaphu" {Harm Drain rC++}
   (You found it on level 2 of the Dungeon)

   rC:        It greatly protects you from cold.
   Drain:     It drains your maximum health when unequipped.
   Harm:      It increases damage dealt and taken.
Jewellery
 o - a ring of magical power (left hand)
Scrolls
 e - a scroll of teleportation {unknown}
 g - a scroll of noise {unknown}
 h - 3 scrolls of summoning {unknown}
 j - a scroll of enchant armour {unknown}
 r - a scroll of identify {unknown}
Potions
 b - a potion of magic
 c - a potion of berserk rage {unknown}
 i - a potion of attraction {unknown}
 k - 3 potions of curing {unknown}
 n - 2 potions of cancellation {unknown}
 p - a potion of heal wounds {unknown}
 q - a potion of lignification {unknown}


   Skills:
 + Level 0.4 Fighting
 + Level 2.3 Dodging
 - Level 2.0 Stealth
 - Level 3.0 Spellcasting
 - Level 7.0 Summonings


You had 4 spell levels left.
You knew the following spells:

 Your Spells              Type           Power      Damage    Failure   Level
a - Summon Small Mammal   Summ           100%       N/A       1%          1
b - Call Imp              Summ           54%        N/A       1%          2
c - Call Canine Familiar  Summ           27%        N/A       2%          3

Your spell library contained the following spells:

 Spells                   Type           Power      Damage    Failure   Level
 Summon Guardian Golem    Hex/Summ       15%        N/A       12%         3
 Cigotuvi's Dreadful Rot  Necr/Pois/Air  4%         N/A       24%         2
 Ensorcelled Hibernation  Hex/Ice        4%         N/A       24%         2
 Summon Lightning Spire   Summ/Air       15%        N/A       36%         4
 Ignite Poison            Fire/Tmut/Pois 2%         N/A       43%         3
 Inner Flame              Hex/Fire       2%         N/A       43%         3
 Spider Form              Tmut/Pois      2%         N/A       43%         3
 Anguish                  Hex/Necr       1%         N/A       85%         4
 Freezing Cloud           Conj/Ice/Air   1%         6-21      99%         5
 Yara's Violent Unravell  Hex/Tmut       1%         3d3       99%         5
 Enfeeble                 Hex            1%         N/A       100%        7


Dungeon Overview and Level Annotations

Branches:
Dungeon (4/15)
 Temple: D:4-7

Altars:


Innate Abilities, Weirdness & Mutations

You have a beak for a mouth.
You have claws for feet.
Your magical nature lets you fly swiftly and evasively.


Message History

You reach to attack!
You barely miss the black bear.
The black bear is heavily wounded.
Your hound bites the black bear.
The black bear goes berserk!
You reach to attack!
You barely miss the black bear.
The black bear is severely wounded.
Your hound bites the black bear.
The black bear bites your hound!
The black bear barely misses your hound. x2
Your hound bites the black bear.
The black bear bites your hound.
Your hound dies!
Your hound's corpse disappears in a puff of smoke!
You reach to attack!
You hit the black bear but do no damage.
The black bear is almost dead.
Your cerulean imp barely misses the black bear.
You swap places.
The black bear bites your cerulean imp! The black bear claws your cerulean imp!
Your cerulean imp dies!
Your cerulean imp disappears in a puff of smoke!
Casting: Call Canine Familiar (dangerous; 2% risk of failure)
Confirm with . or Enter, or press ? or * to list all spells.
The black bear completely misses you. The black bear misses you.
The black bear claws you but does no damage.
You swap places.
The black bear bites your hound!
The black bear barely misses your hound. x2
Your hound barely misses the black bear.
The black bear bites your hound.
Your hound dies!
Your hound's corpse disappears in a puff of smoke!
You reach to attack!
You hit the black bear but do no damage.
The black bear is almost dead.
Casting: Call Canine Familiar (dangerous; 2% risk of failure)
Confirm with . or Enter, or press ? or * to list all spells.
The black bear bites you! The black bear closely misses you.
The black bear claws you. The black bear bites you!
* * * LOW HITPOINT WARNING * * *
The black bear claws you.
* * * LOW HITPOINT WARNING * * *
The black bear claws you.
You die...

#.# #.#
#<# #.#
#.# #.#
#.#
#.####.#
#.h@h..#
########


You could see a black bear (berserk, ally target) and a friendly hound
(summoned).

Vanquished Creatures
  A worm (D:3)
  2 dart slugs
  3 orcs (D:3)
  2 endoplasms
  A giant cockroach (D:1)
  A hobgoblin (D:1)
  2 quokkas
  A ball python (D:2)
  A bat (D:1)
  3 rats
17 creatures vanquished.

Vanquished Creatures (collateral kills)
  Blork the orc (D:3)
  2 adders
  A dart slug (D:3)
  An orc (D:3)
  6 endoplasms
  2 giant cockroaches
  3 goblins
  2 jackals (D:1)
  A quokka (D:2)
  3 ball pythons (D:1)
  2 frilled lizards (D:2)
  4 kobolds
  3 rats
31 creatures vanquished.

Grand Total: 48 creatures vanquished

Notes
Turn   | Place    | Note
-------+----------+-------------------------------------------
     0 | D:1      | MacCMillion the Tengu Summoner began the quest for the Orb.
     0 | D:1      | Reached XP level 1. HP: 10/10 MP: 4/4
   124 | D:1      | Reached skill level 5 in Summonings
   161 | D:1      | Reached XP level 2. HP: 15/15 MP: 3/6
   630 | D:1      | You fall into a shaft and drop 1 floor!
   668 | D:2      | Learned a level 2 spell: Call Imp
   752 | D:2      | Reached XP level 3. HP: 19/19 MP: 5/7
  1140 | D:2      | Identified the +2 pair of gloves "Mugaphu" {Harm Drain
                  | rC++}
  1650 | D:3      | Found a faded altar of an unknown god.
  1956 | D:3      | Reached skill level 6 in Summonings
  1956 | D:3      | Reached XP level 4. HP: 20/24 MP: 9/9
  2006 | D:3      | Learned a level 3 spell: Call Canine Familiar
  2885 | D:4      | Noticed Blork the orc
  2908 | D:3      | Killed Blork the orc
  2909 | D:3      | Reached skill level 7 in Summonings
  2909 | D:3      | Gained mutation: Your magical nature lets you fly swiftly
                  | and evasively. [Tengu growth]
  2909 | D:3      | Reached XP level 5. HP: 15/28 MP: 10/10
  2964 | D:4      | Noticed a black bear
  2984 | D:4      | Slain by a black bear

Illustrated notes

Levels and vault maps discovered:
D:1:      matt_arrival_los_fun, layout_basic,
          nicolae_concentric_dashed_squares_wild
D:2:      layout_loops_ring
D:3:      layout_basic, shapermc_ecumenical_altar_venn, minmay_distorted
D:4:      kennysheep_kobold_camp, layout_loops_ring, serial_shops, shop_statue,
          minmay_strange_pillars, uniq_blork_the_orc, uniq_robin, uniq_pikel

Skill      XL: |  1  2  3  4 |
---------------+-------------+-----
Summonings     | 5 6 7 |  7.0
Spellcasting   | 3 |  3.0
Fighting       | |  0.4
Dodging        | |  2.3
Stealth        | |  2.0

Action                     |  1- 3 |  4- 6 || total
---------------------------+-------+-------++-------
  Melee: Kick              |     8 |     5 ||    13
         Unarmed           |     1 |       ||     1
         Falchion          |     5 |       ||     5
         Spear             |    21 |    20 ||    41
         Peck              |     3 |     1 ||     4
   Cast: Summon Small Mamm |    57 |     4 ||    61
         Call Imp          |     9 |     4 ||    13
         Call Canine Famil |       |    11 ||    11
   Stab: Sleeping          |     2 |     1 ||     3
         Distracted        |     1 |       ||     1
 Armour: Robe              |     1 |     4 ||     5
  Dodge: Dodged            |     7 |    14 ||    21
